 Dungeon Crawl Stone Soup version 0.17-a0-737-gf0a300a (webtiles) character file.

61 Ololoev the Bolt Thrower (level 4, -3/25 HPs)
             Began as a Kobold Arcane Marksman on Apr 21, 2015.
             Slain by a quokka (4 damage)
             ... on level 2 of the Dungeon.
             The game lasted 00:05:07 (2164 turns).

Ololoev the Bolt Thrower (Kobold Arcane Marksman)   Turns: 2164, Time: 00:05:07

Health: -3/25      AC:  2    Str: 10    XL:     4   Next: 27%
Magic:  5/5        EV: 15    Int: 11    God:
Gold:   116        SH:  0    Dex: 15    Spells: 1 memorised, 4 levels left

rFire  . . .     SeeInvis .     a - +0 short sword
rCold  . . .     Clarity  .     q - +0 robe
rNeg   . . .     SustAb   .     (shield restricted)
rPois  .         Gourm    .     (no helmet)
rElec  .         Spirit   .     (no cloak)
rCorr  .         Warding  .     (no gloves)
rMut   .         Stasis   .     (no boots)
MR     .....                    (no amulet)
Stlth  +.........               (no ring)
                                (no ring)

@: not resistant to hostile enchantments, very unstealthy
A: carnivore 3
a: no special abilities


Innate Abilities, Weirdness & Mutations

You are small and have problems with some larger weapons.
You are carnivorous and can eat meat at any time.

Inventory:

Hand weapons
 a - a +0 short sword (weapon)
 b - a +0 hand crossbow
Missiles
 c - 8 bolts
Armour
 i - a +0 buckler
 q - a +0 robe (worn)
 r - a +0 chain mail
Jewellery
 h - a cursed -2 ring of dexterity {unknown}
Scrolls
 f - 2 scrolls of identify {unknown}
 j - a scroll of teleportation {unknown}
 l - 2 scrolls of remove curse {unknown}
 p - a scroll of immolation {unknown}
Potions
 g - 2 potions of curing {unknown}
 k - a potion of restore abilities {unknown}
 m - a potion of might {unknown}
 n - a potion of haste {unknown}
 o - a potion of mutation {unknown}
Books
 d - a book of Debilitation

   Spells                             Type                      Level
   a - Corona                         Hexes                        1
   b - Slow                           Hexes                        2
   c - Gell's Gravitas                Hexes/Translocation          3
   d - Inner Flame                    Hexes/Fire                   3
   e - Cause Fear                     Hexes                        4
   f - Leda's Liquefaction            Hexes/Earth                  4
Comestibles
 e - a meat ration
 s - 4 fruits


   Skills:
 - Level 1.1 Fighting
 * Level 1.1 Short Blades
 + Level 4.4 Crossbows
 + Level 0.5 Armour
 - Level 2.4 Dodging
 + Level 0.5 Shields
 - Level 1.0 Spellcasting
 - Level 3.0 Hexes


You had 4 spell levels left.
You knew the following spells:

 Your Spells              Type           Power        Failure   Level  Hunger
a - Corona                Hex            #......      12%         1    ##.....


You were on level 2 of the Dungeon.
You were very full.

You visited 1 branch of the dungeon, and saw 2 of its levels.

You collected 116 gold pieces.

................#.#.####.........
...##.....#.#.##..#....##.#..###.
#........#..#.#..#####..#.#...##.
..........%.#.#.## ##...#.#.##.
............#.#.# ##....#<#..
.....#..........########.....)...
..........<.....................#
..)....................####.....#
........##.#.###@K......#.....###
.....#...#...####r........#...#
##...#.#.##....##.#..##..##.#.#
##..##...........g##.#...##.#..
.....))...##.##..........##.###
......).#.##..######g#....#.#
........#.##...## #)#......####
........#.#.....## #g.....#.....
........#........# ##........##..

Notes
Turn   | Place    | Note
--------------------------------------------------------------
     0 | D:1      | Ololoev, the Kobold Arcane Marksman, began the quest for the Orb.
     0 | D:1      | Reached XP level 1. HP: 12/12 MP: 2/2
   384 | D:1      | Reached XP level 2. HP: 9/16 MP: 3/3
  1027 | D:1      | Reached XP level 3. HP: 20/20 MP: 4/4
  1082 | D:1      | Reached skill level 4 in Crossbows
  1690 | D:2      | Reached XP level 4. HP: 18/25 MP: 5/5
  1967 | D:2      | Reached skill level 1 in Short Blades
  2160 | D:2      | HP: 1/25 [quokka (3)]
  2164 | D:2      | Slain by a quokka

Dungeon Overview and Level Annotations

Branches:
Dungeon (2/15)

Altars:


Message History

You barely miss the quokka.
The quokka is heavily wounded.
The quokka misses you.
You hit the quokka but do no damage.
The quokka is heavily wounded.
The quokka bites you.
You closely miss the quokka.
The quokka is heavily wounded.
The quokka bites you. The kobold barely misses you.
You barely miss the quokka.
The quokka is heavily wounded.
The quokka misses you. The hobgoblin hits you with a club.
The kobold closely misses you. The quokka barely misses you.
You barely miss the quokka.
The quokka is heavily wounded.
The hobgoblin closely misses you. The quokka completely misses you.
The kobold barely misses you. The quokka bites you.
You see here a club.
You are too injured to fight recklessly!
You are too injured to fight recklessly!
You are too injured to fight recklessly!
You are too injured to fight recklessly!
You hit the quokka but do no damage.
The quokka is heavily wounded.
The quokka bites you.
You hit the quokka but do no damage.
The quokka is heavily wounded.
The quokka closely misses you. The quokka barely misses you.
You hit the quokka.
The quokka is severely wounded.
The quokka misses you.
You closely miss the quokka.
The quokka is heavily wounded.
The quokka bites you.
You closely miss the quokka.
The quokka is heavily wounded.
The quokka bites you. x2
The quokka bites you.
You die...

You could see a quokka, a hobgoblin and a kobold.

Vanquished Creatures
  An adder (D:2)
  An ooze (D:2)
  3 worms (D:2)
  A giant gecko (D:1)
  A ball python (D:1)
  2 bats (D:2)
  A giant cockroach (D:1)
  7 hobgoblins
  4 jackals (D:1)
  7 kobolds
  2 giant newts
  7 goblins
  A rat (D:2)
38 creatures vanquished.

Action                   |  1- 3 |  4- 6 || total
-------------------------+-------+-------++-------
Melee: Unarmed           |    28 |       ||    28
       Dagger            |    24 |       ||    24
       Short sword       |    13 |    30 ||    43
 Fire: Hand crossbow     |    68 |     5 ||    73
 Cast: Corona            |     1 |       ||     1
  Eat: Chunk             |     8 |     3 ||    11

Vault maps used:
D:1:      dpeg_arrival_rhombus, kennysheep_boxes
D:2:      first_bread, minmay_shallow_snake_nest
